 Dungeon Crawl Stone Soup version 0.30-a0-939-gc8157cb160 (webtiles) character file.

Game seed: 14901134468581831811

1057 Jeffwins the Shooter (level 8, 0/54 HPs)
             Began as a Human Wanderer on Mar 25, 2023.
             Was an Initiate of Vehumet.
             Slain by an ogre
             ... wielding the +3 great mace "Dytz" {antimagic, Int+4}
              (9 damage)
             ... on level 4 of the Dungeon.
             The game lasted 00:07:21 (4612 turns).

Jeffwins the Shooter (Human Wanderer)               Turns: 4612, Time: 00:07:21

Health: 0/54       AC: 11    Str:  9    XL:     8   Next: 51%
Magic:  2/9        EV:  8    Int: 14    God:    Vehumet [......]
Gold:   186        SH:  0    Dex: 17    Spells: 9/9 levels left

rFire   . . .      SeeInvis .    A - +0 shortbow
rCold   + . .      Faith    .    (shield currently unavailable)
rNeg    . . .      Spirit   .    b - +2 scale mail
rPois   .          Reflect  .    n - +0 helmet
rElec   .          Rampage  .    (no cloak)
rCorr   +                        (no gloves)
Will    .....                    p - +0 pair of boots
Stlth   ++                       g - amulet of regeneration
HPRegen 1.09/turn                R - ring of resist corrosion
MPRegen 0.11/turn                C - ring of protection from cold

@: no status effects
A: no striking features
a: Renounce Religion


You were on level 4 of the Dungeon.
You worshipped Vehumet.
Vehumet was noncommittal.
You visited 2 branches of the dungeon, and saw 7 of its levels.

You collected 186 gold pieces.


   Skills:
 - Level 1.0 Fighting
 * Level 7.2 Ranged Weapons
 - Level 5.0 Armour
 - Level 1.0 Dodging
 - Level 5.0 Stealth
 - Level 1.0 Spellcasting
 + Level 3.7 Evocations


You had 9 spell levels left.
You didn't know any spells.
Your spell library contained the following spells:

 Spells                   Type           Power      Damage    Failure   Level
 Slow                     Hex            0%         N/A       87%         1
 Confusing Touch          Hex            0%         N/A       99%         3
 Ozocubu's Armour         Ice            0%         N/A       99%         3
 Portal Projectile        Hex/Tloc       0%         N/A       99%         3
 Tukima's Dance           Hex            0%         N/A       99%         3
 Vampiric Draining        Necr           0%         2d6       99%         3
 Blade Hands              Tmut           0%         N/A       100%        5
 Metabolic Englaciation   Hex/Ice        0%         N/A       100%        5
 Simulacrum               Ice/Necr       0%         N/A       100%        6

Inventory:

Hand Weapons
 a - a +0 sling
 o - a +1 whip of electrocution
 y - a +1 falchion of electrocution
 A - a +0 shortbow (weapon)
Missiles
 v - 7 poisoned darts
 H - a throwing net {=f}
Armour
 b - a +2 scale mail (worn)
 n - a +0 helmet (worn)
 p - a +0 pair of boots (worn)
Magical Staves
 m - a staff of cold
Jewellery
 g - an amulet of regeneration (around neck)
 C - a ring of protection from cold (right hand)
 F - a ring of fire
 R - a ring of resist corrosion (left hand)
Wands
 u - a wand of mindburst (6)
 x - a wand of flame (16)
 z - a wand of paralysis (10)
Scrolls
 d - 3 scrolls of fog
 f - a scroll of blinking {unknown}
 h - 4 scrolls of identify {unknown}
 k - a scroll of enchant armour {unknown}
 l - 2 scrolls of poison {unknown}
 q - a scroll of noise {unknown}
 r - 3 scrolls of teleportation {unknown}
 t - 2 scrolls of enchant weapon {unknown}
 G - a scroll of amnesia {unknown}
 I - a scroll of fear {unknown}
Potions
 c - 3 potions of curing {@q1}
 e - 2 potions of magic {unknown}
 i - a potion of might {unknown}
 j - 3 potions of lignification {!q}
 s - a potion of flight {unknown}
 w - a potion of brilliance {unknown}
 B - a potion of invisibility {unknown}
 D - a potion of degeneration {unknown}
 E - a potion of haste {unknown}

Dungeon Overview and Level Annotations

Branches:
Dungeon (6/15)             Temple (1/1) D:4

Altars:
Ashenzari
Cheibriados
Elyvilon
Fedhas
Gozag
Kikubaaqudgha
Makhleb
Nemelex Xobeh
Okawaru
Qazlal
Sif Muna
Trog
Vehumet
Wu Jian
Xom
Yredelemnul
The Shining One

Annotations:
D:4 1 transporter

..###................##..#
............©.©......##'##
.##....▒▒▒▒▒▒▒▒▒▒▒▒▒###..#
###....▒....))....©▒.##..#
.####+#▒..░░...░░..▒.##..#
.##....▒.░..░.░..░.▒.##'##
###....▒.░..░.░..░.▒.....#
..#....▒..░░...░░..▒.....#
..#....▒.....©.O@..▒####'##
..'....▒▒▒▒▒▒▒▒▒▒▒▒▒......#
..#....#..................#
..##+###..................#
..........................#
................######....#
................# #....#
................# #....#
+####'##........# #....#


You could see an ogre.


Message History

You shoot an arrow.
The arrow hits 123deadman's ghost. 123deadman's ghost is almost destroyed. 123deadman's ghost says, "You cannot hurt me!" 123deadman's ghost barely misses you. 123deadman's ghost hits you but does no damage.
Unknown command.
You shoot an arrow.
The arrow hits 123deadman's ghost but does no damage. 123deadman's ghost is almost destroyed. 123deadman's ghost barely misses you.
Unknown command.
You shoot an arrow. The arrow hits 123deadman's ghost.
You destroy 123deadman's ghost!
Vehumet accepts your kill.
The ogre hits you with the +3 great mace "Dytz" {antimagic, Int+4}!!
* * * LOW HITPOINT WARNING * * *
You feel your power leaking away.
Unknown command.
Unknown command.
Aiming: Mindburst
Press: ? - help, Shift-Dir - straight line, f - ogre
Aim: an ogre, wielding the +3 great mace "Dytz" {antimagic, Int+4} (heavily wounded, chance to affect: 78%)
The ogre barely resists.
Unknown command.
Aiming: Mindburst
Press: ? - help, Shift-Dir - straight line, f/p - ogre
Aim: an ogre, wielding the +3 great mace "Dytz" {antimagic, Int+4} (heavily wounded, chance to affect: 78%)
The ogre barely resists.
The ogre hits you with the +3 great mace "Dytz" {antimagic, Int+4}!
You die...

Skill      XL: |  1  2  3  4  5  6  7  8 |
---------------+-------------------------+-----
Stealth        | 1 2 3 4 5 |  5.0
Ranged Weapons | 2 3 4 5 6 7 |  7.2
Evocations     | 3 |  3.7
Fighting       | |  1.0
Armour         | |  5.0
Dodging        | |  1.0
Spellcasting   | |  1.0

Action                     |  1- 3 |  4- 6 |  7- 9 || total
---------------------------+-------+-------+-------++-------
   Fire: Sling             |    96 |   180 |    78 ||   354
         Shortbow          |       |       |    91 ||    91
  Evoke: Wand              |       |     7 |     9 ||    16
    Use: Potion            |       |     1 |       ||     1
 Armour: Scale mail        |    64 |    97 |   115 ||   276
         Skin              |       |     1 |       ||     1
  Dodge: Dodged            |    33 |    72 |    74 ||   179

Levels and vault maps discovered:
D:1:      tarquinn_simple_flora_water_b, layout_basic
D:2:      layout_loops_ring, st_stairs_8, kennysheep_generic_room_9, uniq_robin
D:3:      layout_rooms, minmay_three_crescents, uniq_natasha
D:4:      layout_gridville, minmay_temple_entry_water_ring,
          gammafunk_ghost_smash
D:5:      layout_basic, chequers_temple_overflow_minitemple, serial_curves,
          eino_curves_02, eino_curves_02
D:6:      layout_basic, uniq_blork_the_orc
Temple:   compressed_dpeg_triangle_lava_temple

Notes
Turn   | Place    | Note
-------+----------+-------------------------------------------
     0 | D:1      | Jeffwins the Human Wanderer began the quest for the Orb.
     0 | D:1      | Jeffwins set off with the following items: a +0 sling, a +2
                  | scale mail, a potion of curing {@q1}, a scroll of fog.
     0 | D:1      | Reached XP level 1. HP: 15/15 MP: 2/2
    87 | D:1      | Reached XP level 2. HP: 21/21 MP: 3/3
   143 | D:1      | Reached skill level 1 in Stealth
   195 | D:1      | Reached skill level 2 in Ranged Weapons
   418 | D:1      | Reached XP level 3. HP: 15/26 MP: 4/4
  1106 | D:2      | Noticed Robin
  1122 | D:2      | Killed Robin
  1200 | D:1      | Reached XP level 4. HP: 21/32 MP: 5/5
  1262 | D:2      | Reached skill level 3 in Ranged Weapons
  1267 | D:2      | Reached skill level 2 in Stealth
  1575 | D:2      | Reached XP level 5. HP: 23/37 MP: 6/6
  2106 | D:3      | Noticed Natasha
  2125 | D:3      | Killed Natasha
  2126 | D:3      | Reached skill level 4 in Ranged Weapons
  2238 | D:3      | Noticed Natasha
  2275 | D:3      | Killed Natasha
  2276 | D:3      | Reached skill level 3 in Stealth
  2429 | D:3      | Reached XP level 6. HP: 43/43 MP: 7/7
  2728 | D:3      | Noticed Natasha
  2739 | D:3      | Killed Natasha
  2845 | D:3      | You fall into a shaft and drop 3 floors!
  2898 | D:6      | Noticed an ice beast
  2919 | D:6      | Killed an ice beast
  2920 | D:6      | Reached skill level 5 in Ranged Weapons
  2920 | D:6      | Reached XP level 7. HP: 44/48 MP: 8/8
  2936 | D:5      | Entered Level 5 of the Dungeon
  2943 | D:5      | Noticed a wyvern
  2948 | D:5      | Killed a wyvern
  2949 | D:5      | Reached skill level 4 in Stealth
  2949 | D:5      | Reached skill level 2 in Evocations
  2968 | D:5      | Found a faded altar of an unknown god.
  2968 | D:5      | Found a faded altar of an unknown god.
  2976 | D:5      | Found a snail-covered altar of Cheibriados.
  2978 | D:5      | Found an ancient bone altar of Kikubaaqudgha.
  2987 | D:5      | Found a white marble altar of Elyvilon.
  3172 | D:5      | Reached skill level 6 in Ranged Weapons
  3281 | D:5      | Reached skill level 3 in Evocations
  3281 | D:5      | Reached XP level 8. HP: 54/54 MP: 9/9
  3551 | D:4      | Reached skill level 5 in Stealth
  3587 | D:4      | Found a staircase to the Ecumenical Temple.
  3622 | Temple   | Entered the Ecumenical Temple
  3672 | Temple   | Became a worshipper of Vehumet
  3687 | D:4      | Found a transporter.
  3687 | D:4      | Noticed 123deadman's ghost (weakling MiFi)
  3691 | D:4      | Identified the +3 great mace "Dytz" {antimagic, Int+4}
  3692 | D:4      | Found a transporter.
  4230 | D:4      | Reached skill level 7 in Ranged Weapons
  4610 | D:4      | Killed 123deadman's ghost
  4612 | D:4      | Slain by an ogre

Vanquished Creatures
  A wyvern (D:5)
  An acid dragon (D:5)
  An ice beast (D:6)
  A centaur (D:5)
  A phantom (D:5)
  A scorpion (D:4)
  The ghost of 123deadman the Covered, a weakling MiFi (D:4)
  A howler monkey (D:4)
  A jelly (D:6)
  A gnoll bouda (D:5)
  Natasha (thrice) (D:3)
  2 iguanas
  Robin (D:2)
  10 gnolls
  5 adders
  2 dart slugs
  2 orcs (D:5)
  5 bats
  5 endoplasms
  3 giant cockroaches
  17 goblins
  6 hobgoblins
  A jackal (D:3)
  A quokka (D:2)
  9 ball pythons
  2 frilled lizards
  9 kobolds
  6 rats
99 creatures vanquished.

Table legend: (Time is in decaauts)
 A = Elapsed time spent in this place.
 B = Non-inter-level travel time spent in this place.
 C = Inter-level travel time spent in this place.
 D = Time resting spent in this place.
 E = Time spent auto-exploring this place.
 F = Levels seen in this place.
 G = Mean time per level.
                   A        B        C        D        E       F      G
               +--------+--------+--------+--------+--------+-----+--------+
         Total |   4874 |   4619 |    255 |    349 |   3158 |   7 |  696.3 |
       Dungeon |   4816 |   4567 |    249 |    349 |   3129 |   6 |  802.7 |
        Temple |     57 |     51 |      6 |      0 |     29 |   1 |   57.0 |
               +--------+--------+--------+--------+--------+-----+--------+

Top non-repeatable levels by time:
     D:1: 1233 daAuts
     D:3: 1067 daAuts
     D:2: 961 daAuts
     D:4: 810 daAuts
     D:5: 648 daAuts
     D:6: 94 daAuts
  Temple: 57 daAuts

Table legend:
 A = Non-vault XP
 B = Vault XP
 C = Vault XP percentage of total XP
 D = Non-vault monster count
 E = Vault monster count
 F = Vault count percentage of total count
                 A         B        C        D         E       F
            +---------+---------+-------+---------+---------+-------
      Total |    1295 |     216 |  14.3 |      77 |      22 |  22.2
            +---------+---------+-------+---------+---------+-------
        D:1 |      39 |       4 |   9.3 |      24 |       2 |   7.7
        D:2 |      74 |      68 |  47.9 |      18 |      12 |  40.0
        D:3 |     134 |      78 |  36.8 |      11 |       7 |  38.9
        D:4 |     160 |      66 |  29.2 |       9 |       1 |  10.0
        D:5 |     712 |       0 |   0.0 |      13 |       0 |   0.0
        D:6 |     176 |       0 |   0.0 |       2 |       0 |   0.0
            +---------+---------+-------+---------+---------+-------
